 Dungeon Crawl Stone Soup version 0.26.1-11-gd32895ea62 (webtiles) character file.

Game seed: 6769891329201357703

49 tizbic2 the Stinger (level 3, -6/29 HPs)
             Began as a Demigod Wanderer on June 27, 2021.
             Mangled by Sigmund
             ... wielding a +0 scythe
              (11 damage)
             ... on level 2 of the Dungeon.
             The game lasted 00:07:24 (849 turns).

tizbic2 the Stinger (Demigod Wanderer)               Turns: 849, Time: 00:07:25

Health: -6/29      AC:  4    Str: 16    XL:     3   Next: 32%
Magic:  5/5        EV: 10    Int: 16    God:
Gold:   35         SH:  0    Dex: 16    Spells: 2/2 levels left

rFire    x . .     SeeInvis .   a - +2 hand crossbow
rCold    + . .     Faith    .   (no shield)
rNeg     . . .     Spirit   .   j - -2 ring mail (curse)
rPois    .         Reflect  .   (no helmet)
rElec    .         Harm     .   (no cloak)
rCorr    .         Rampage  .   k - +0 pair of gloves
Will     .....                  (no boots)
Stlth    ..........             (no amulet)
HPRegen  0.09/turn              l - ring of ice
MPRegen  0.09/turn              (no ring)

@: confused
A: high mp 1
a: no special abilities


You were on level 2 of the Dungeon.
You visited 1 branch of the dungeon, and saw 2 of its levels.

You collected 35 gold pieces.

Inventory:

Hand Weapons
 a - a +2 hand crossbow (weapon)
 d - a +2 whip of draining
Missiles
 b - 10 bolts (quivered ammo)
 f - 26 arrows
 h - 7 silver boomerangs
Armour
 e - a +0 robe
 g - a +0 ring mail
 i - a +0 kite shield
 j - a cursed -2 ring mail (worn)
 k - a +0 pair of gloves (worn)
Jewellery
 l - a ring of ice (left hand)
Scrolls
 c - a scroll of teleportation
Potions
 m - a potion of curing


   Skills:
 + Level 1.9 Fighting
 + Level 0.2 Maces & Flails
 + Level 1.9 Crossbows
 + Level 1.0 Throwing
 + Level 0.5 Dodging
 + Level 1.0 Shields
 + Level 5.0 Poison Magic


You had 2 spell levels left.
You didn't know any spells.
Your spell library was empty.

Dungeon Overview and Level Annotations

Branches:
Dungeon (2/15)

Annotations:
D:2 Sigmund


Innate Abilities, Weirdness & Mutations

You have an increased reservoir of magic. (+10% MP)


Message History

Sigmund casts a spell at himself.
Sigmund flickers and vanishes!
Deactivating autopickup; reactivate with Ctrl-A.
You hear some strange, mumbled words.
You are confused.
You're too confused to move!
You hear some strange, mumbled words.
You are more confused.
A puff of flame appears from out of thin air!
The puff of flame hits you! The fire burns you terribly!
* * * LOW HITPOINT WARNING * * *
A puff of flame appears from out of thin air!
The puff of flame misses you.
You bump into the rock wall.
You bump into the rock wall.
You bump into the rock wall.
Something hits you.
* * * LOW HITPOINT WARNING * * *
You bump into the rock wall.
You bump into the rock wall.
Something hits you!
You die...

#...... .#
#..... ##.#
((..... #<.#
.(..... #†##
..(.... #.#
...(... ###.#
..... .##.##
.(.#.##..#
#...###@#
.#####.(####.#
........†....#
.#####..######
#.....
.......##
###.##.# #..
..# #... ###


There were no monsters in sight!

Vanquished Creatures
  A dart slug (D:1)
  4 bats
  A giant cockroach (D:1)
  8 hobgoblins (D:1)
  7 jackals
  8 kobolds (D:1)
  4 frilled lizards
  4 goblins
  5 rats (D:1)
42 creatures vanquished.

Notes
Turn   | Place    | Note
-------+----------+-------------------------------------------
     0 | D:1      | tizbic2 the Demigod Wanderer began the quest for the Orb.
     0 | D:1      | tizbic2 set off with the following items: a +2 hand
                  | crossbow, 21 bolts, a scroll of teleportation, a potion of
                  | lignification, a +0 robe
     0 | D:1      | Reached XP level 1. HP: 17/17 MP: 3/3
    97 | D:1      | Reached XP level 2. HP: 21/24 MP: 4/4
   144 | D:1      | Reached skill level 5 in Poison Magic
   460 | D:1      | Reached XP level 3. HP: 15/29 MP: 5/5
   744 | D:2      | Noticed Sigmund
   849 | D:2      | Mangled by Sigmund

Illustrated notes

Levels and vault maps discovered:
D:1:      evilmike_arrival_crescent, layout_rooms
D:2:      layout_loops_cross, uniq_sigmund

Skill      XL: |  1  2 |
---------------+-------+-----
Poison Magic   | 5 |  5.0
Fighting       | |  1.9
Maces & Flails | |  0.2
Crossbows      | |  1.9
Throwing       | |  1.0
Dodging        | |  0.5
Shields        | |  1.0

Action                   || total
-------------------------++-------
Melee: Club              ||    38
       Whip              ||    37
 Fire: Hand crossbow     ||    40
  Use: Potion            ||     3
       Scroll            ||     2
Armor: Robe              ||    10
       Skin              ||    31
       Ring mail         ||     5
Dodge: Dodged            ||    58
